 Dungeon Crawl Stone Soup version 0.27.0-1-g7a089689b8 (webtiles) character file.

Game seed: 5777109715605691759

110 SnakkuSnakku7 the Poker (level 4, 0/35 HPs)
             Began as a Merfolk Necromancer on Aug 7, 2021.
             Succumbed to a killer bee's poison
             ... on level 4 of the Dungeon.
             The game lasted 00:03:36 (3425 turns).

SnakkuSnakku7 the Poker (Merfolk Necromancer)       Turns: 3425, Time: 00:03:37

Health: 0/35       AC:  6    Str:  9    XL:     4   Next: 91%
Magic:  7/7        EV:  8    Int: 14    God:
Gold:   109        SH:  5    Dex: 14    Spells: 7/7 levels left

rFire    . . .     SeeInvis +   a - +0 spear
rCold    . . .     Faith    .   (no shield)
rNeg     . . .     Spirit   .   k - +0 scale mail
rPois    .         Reflect  +   (no helmet)
rElec    .         Harm     .   (no cloak)
rCorr    .         Rampage  .   (no gloves)
Will     .....                  (no boots)
Stlth    +.........             n - amulet of reflection
HPRegen  0.11/turn              j - ring of see invisible
MPRegen  0.10/turn              (no ring)

@: lethally poisoned (0 -> -9), weak-willed
A: (nimble swimmer 2), mertail
a: no special abilities


You were on level 4 of the Dungeon.
You visited 1 branch of the dungeon, and saw 4 of its levels.

You collected 109 gold pieces.

Inventory:

Hand Weapons
 a - a +0 spear (weapon)
Missiles
 g - 24 poisoned darts (quivered)
Armour
 d - a +0 robe
 h - a +0 ring mail
 k - a +0 scale mail (worn)
Magical Staves
 b - a staff of earth
Jewellery
 j - a ring of see invisible (left hand)
 n - an amulet of reflection (around neck)
Scrolls
 e - a scroll of holy word
 f - a scroll of summoning
 i - a scroll of enchant armour


   Skills:
 + Level 3.3 Fighting
 + Level 4.2 Polearms
 - Level 2.6 Dodging
 - Level 2.1 Stealth
 - Level 2.0 Spellcasting
 - Level 3.2 Necromancy


You had 7 spell levels left.
You didn't know any spells.
Your spell library contained the following spells:

 Spells                   Type           Power      Damage    Failure   Level
 Animate Skeleton         Necr           20%        N/A       47%         1
 Pain                     Necr           40%        1d6       47%         1
 Vampiric Draining        Necr           5%         2d6       85%         3
 Conjure Flame            Conj/Fire      1%         6-21      99%         3
 Ignite Poison            Fire/Tmut/Pois 1%         N/A       99%         3
 Animate Dead             Necr           5%         N/A       99%         4
 Sticky Flame             Conj/Fire      1%         2d3       100%        4
 Agony                    Necr           10%        N/A       100%        5


Dungeon Overview and Level Annotations

Branches:
Dungeon (4/15)             Temple (0/1) D:4

Altars:
Ru


Innate Abilities, Weirdness & Mutations

((You are quick and stealthy near water. (Stealth+, EV+, Speed+++)))
Your lower body shifts to a powerful aquatic tail in water.


Message History

The killer bee stings you.
You are more poisoned.
The killer bee poisons you!
Throw: 28 darts (poison)
Press: ? - help, Q - select action Shift-Dir - straight line, f/p - killer bee
Aim: a killer bee (lightly wounded, poisoned, weak-willed, 29% to hit)
You throw a poisoned dart.
The poisoned dart closely misses the killer bee.
You feel sick.
The killer bee stings you but does no damage.
You block the killer bee's attack.
Throw: 27 darts (poison)
Press: ? - help, Q - select action Shift-Dir - straight line, f/p - killer bee
Aim: a killer bee (moderately wounded, poisoned, weak-willed, 26% to hit)
You throw a poisoned dart.
The poisoned dart closely misses the killer bee.
You feel sick. The killer bee stings you. x2
* * * LOW HITPOINT WARNING * * *
You are lethally poisoned!
The killer bee poisons you!
Throw: 26 darts (poison)
Press: ? - help, Q - select action Shift-Dir - straight line, f/p - killer bee
Aim: a killer bee (moderately wounded, poisoned, weak-willed, 26% to hit)
You throw a poisoned dart. The poisoned dart hits the killer bee.
The killer bee is moderately wounded.
* * * LOW HITPOINT WARNING * * *
You feel very sick. You block the killer bee's attack.
The killer bee barely misses you.
Unknown command.
Throw: 25 darts (poison)
Press: ? - help, Q - select action Shift-Dir - straight line, f/p - killer bee
Aim: a killer bee (heavily wounded, poisoned, weak-willed, 29% to hit)
You throw a poisoned dart.
The poisoned dart barely misses the killer bee.
* * * LOW HITPOINT WARNING * * *
You feel sick. The killer bee stings you.
* * * LOW HITPOINT WARNING * * *
You block the killer bee's attack.
Unknown command.
You die...

#......... ##........
##.###.... #..# ###
#.## ##.# #.## ##.#
#@## #.......... ##.#
#........... #y##
........... #####g#
#.......... #.....###
#.......... #..†....#
#.......... #......)##
#.........r
#........####.........
#.....................


You could see a killer bee (poisoned, weak-willed) and a hobgoblin.

Vanquished Creatures
  4 adders
  2 dart slugs
  An orc (D:4)
  2 ball pythons
  2 bats (D:1)
  6 endoplasms
  2 giant cockroaches
  4 goblins
  8 hobgoblins
  12 jackals
  7 kobolds
  A quokka (D:2)
  4 frilled lizards
  6 rats
61 creatures vanquished.

Notes
Turn   | Place    | Note
-------+----------+-------------------------------------------
     0 | D:1      | SnakkuSnakku7 the Merfolk Necromancer began the quest for
                  | the Orb.
     0 | D:1      | Reached XP level 1. HP: 13/13 MP: 3/3
   280 | D:1      | Reached skill level 1 in Fighting
   280 | D:1      | Reached skill level 1 in Polearms
   477 | D:1      | Reached XP level 2. HP: 21/21 MP: 5/5
   532 | D:1      | Reached skill level 2 in Polearms
   954 | D:2      | Reached XP level 3. HP: 16/27 MP: 6/6
  1388 | D:2      | Reached skill level 3 in Polearms
  1582 | D:2      | Found a faded altar of an unknown god.
  1986 | D:3      | Reached XP level 4. HP: 33/34 MP: 7/7
  2473 | D:3      | Found a sacrificial altar of Ru.
  3156 | D:4      | Reached skill level 4 in Polearms
  3198 | D:4      | Found a staircase to the Ecumenical Temple.
  3425 | D:4      | Succumbed to a killer bee's poison

Illustrated notes

Levels and vault maps discovered:
D:1:      dpeg_arrival_tiny_f, layout_basic, serial_park_tiny_1,
          minmay_pentomino_o2
D:2:      layout_loops_corners, basic_ecumenical_altar, glass_columns_a
D:3:      layout_basic, lemuel_round_altar
D:4:      layout_cave_pods, okawaru_ov_weapons_minmay, minmay_temple_entry_grid,
          uniq_duvessa

Skill      XL: |  1  2  3  4 |
---------------+-------------+-----
Fighting       | 1 2 3 |  3.3
Polearms       | 1 2 3 4 |  4.2
Dodging        | |  2.6
Stealth        | |  2.1
Spellcasting   | |  2.0
Necromancy     | |  3.2

Action                   |  1- 3 |  4- 6 || total
-------------------------+-------+-------++-------
Melee: Spear             |   162 |   135 ||   297
       Staff             |     4 |       ||     4
Throw: Dart              |       |     5 ||     5
 Cast: Pain              |     3 |       ||     3
  Use: Scroll            |       |     6 ||     6
       Potion            |       |     3 ||     3
 Stab: Sleeping          |     1 |       ||     1
Armor: Robe              |    11 |       ||    11
       Ring mail         |    27 |       ||    27
       Scale mail        |    19 |    49 ||    68
Dodge: Dodged            |    71 |    42 ||   113
Block: Other             |       |    23 ||    23
